 Dungeon Crawl Stone Soup version 0.31.0-11-ge490571c62 (webtiles) character file.

Game seed: 17689678980549118313

1894 Rassilon the Covert (level 8, -4/36 HPs)
             Began as a Spriggan Enchanter on Feb 1, 2024.
             Was a Follower of Dithmenos.
             Slain by a gnoll
             ... wielding a +1 heavy halberd
             ... led by a gnoll sergeant
              (25 damage)
             ... on level 6 of the Dungeon.
             The game lasted 00:38:57 (7322 turns).

Rassilon the Covert (Spriggan Enchanter)            Turns: 7322, Time: 00:38:59

Health: -4/36      AC:  3    Str:  6    XL:     8   Next: 93%
Magic:  11/18      EV: 20    Int: 16    God:    Dithmenos [*.....]
Gold:   397        SH:  0    Dex: 16    Spells: 14/19 levels left

rFire   . . .        z - +1 dagger (drain)
rCold   . . .        (no shield)
rNeg    . . .        b - +0 robe
rPois   .            (helmet restricted)
rElec   .            w - +0 cloak
rCorr   .            (gloves unavailable)
SInv    +            (boots unavailable)
Will    ++...        (no amulet)
Stlth   +++++        k - ring of willpower
HPRegen 0.26/turn    t - ring of flight
MPRegen 0.16/turn

%: no passive effects
@: flying, wreathed by umbra, very quick
A: very small, no large weapons, unfitting armour, see invisible, speed 3
a: Renounce Religion


You were on level 6 of the Dungeon.
You worshipped Dithmenos.
Dithmenos was aware of your devotion.
You visited 2 branches of the dungeon, and saw 7 of its levels.

You collected 397 gold pieces.

Inventory:

Hand Weapons
 a - a +1 dagger
 z - a +1 dagger of draining (weapon)
Missiles
 A - a curare-tipped dart (quivered)
Armour
 b - a +0 robe (worn)
 w - a +0 cloak (worn)
Jewellery
 k - a ring of willpower (left hand)
 s - a +5 ring of evasion
 t - a ring of flight (right hand)
Wands
 n - a wand of paralysis (7)
 y - a wand of polymorph (5)
 C - a wand of flame (17)
Scrolls
 d - a scroll of teleportation {unknown}
 e - a scroll of fear {unknown}
 i - 2 scrolls of butterflies {unknown}
 j - 2 scrolls of immolation {unknown}
 q - 2 scrolls of poison {unknown}
 r - a scroll of amnesia {unknown}
 u - 2 scrolls of blinking {unknown}
 v - a scroll of identify {unknown}
 B - 3 scrolls of acquirement {unknown}
Potions
 c - 2 potions of invisibility
 f - 3 potions of degeneration {unknown}
 g - a potion of heal wounds {unknown}
 h - 4 potions of curing {unknown}
 l - a potion of brilliance {unknown}
 m - 2 potions of mutation {unknown}
 o - a potion of attraction {unknown}
 p - 3 potions of magic {unknown}
 x - 2 potions of haste {unknown}


   Skills:
 * Level 7.4 Short Blades
 + Level 6.8 Dodging
 + Level 8.6 Stealth
 + Level 6.1 Spellcasting
 + Level 6.6 Hexes


You had 14 spell levels left.
You knew the following spells:

 Your Spells              Type           Power      Damage    Failure   Level
a - Ensorcelled Hibernat  Hex/Ice        30%        N/A       5%          2
b - Confusing Touch       Hex            26%        N/A       2%          3

Your spell library contained the following spells:

 Spells                   Type           Power      Damage    Failure   Level
 Tukima's Dance           Hex            26%        N/A       2%          3
 Dazzling Flash           Conj/Hex       30%        N/A       11%         3
 Apportation              Tloc           8%         N/A       14%         1
 Freeze                   Ice            16%        1d4       14%         1
 Necrotise                Necr           16%        1d4       14%         1
 Sting                    Conj/Alch      16%        1d4       14%         1
 Summon Small Mammal      Summ           16%        N/A       14%         1
 Scorch                   Fire           8%         2d5       21%         2
 Frozen Ramparts          Ice            8%         1d2       38%         3
 Hailstorm                Conj/Ice       4%         3d5       38%         3
 Passwall                 Erth           4%         N/A       38%         3
 Swiftness                Air            4%         N/A       38%         3
 Flame Wave               Conj/Fire      4%         2d5       80%         4
 Summon Cactus Giant      Summ           2%         N/A       100%        6


Dungeon Overview and Level Annotations

Branches:
Dungeon (6/15)             Temple (1/1) D:6

Altars:
Ashenzari
Cheibriados
Dithmenos
Elyvilon
Fedhas
Hepliaklqana
Kikubaaqudgha
Makhleb
Nemelex Xobeh
Okawaru
Qazlal
Trog
Uskayaw
Xom
Yredelemnul
Zin
The Shining One


Innate Abilities, Weirdness & Mutations

You are very small and have problems with some larger weapons.
You are too small for most types of armour.
You have supernaturally acute eyesight. (SInv)
You cover ground extremely quickly. (Speed+++)


Message History

You kill the white imp!
Dithmenos accepts your kill.
Magic restored.
You see here a +0 hand axe.
Casting: Confusing Touch (dangerous; 2% risk of failure)
Confirm with . or Enter, or press ? or * to list all spells.
Aiming: Ensorcelled Hibernation (safe; 5% risk of failure)
Press: ? - help, Shift-Dir - straight line, f/p - gnoll
Aim: a gnoll, wielding a +0 flail (wandering, hasn't noticed you, chance to affect: 57%)
The gnoll shouts!
The gnoll resists with significant effort.
The gnoll shouts!
You hear a shout!
Casting: Ensorcelled Hibernation (safe; 5% risk of failure)
Confirm with . or Enter, or press ? or * to list all spells.
Aiming: Ensorcelled Hibernation (safe; 5% risk of failure)
Press: ? - help, Shift-Dir - straight line, f - gnoll, p - gnoll
Aim: a gnoll, wielding a +1 heavy halberd (umbra, chance to affect: 57%)
The gnoll resists with significant effort.
The gnoll hits you from afar with a +1 heavy halberd!
Casting: Ensorcelled Hibernation (safe; 5% risk of failure)
Confirm with . or Enter, or press ? or * to list all spells.
Aiming: Ensorcelled Hibernation (safe; 5% risk of failure)
Press: ? - help, Shift-Dir - straight line, f/p - gnoll
Aim: a gnoll, wielding a +1 heavy halberd (umbra, chance to affect: 57%)
The gnoll resists with significant effort.
The gnoll hits you from afar with a +1 heavy halberd!
Casting: Ensorcelled Hibernation (safe; 5% risk of failure)
Confirm with . or Enter, or press ? or * to list all spells.
Aiming: Ensorcelled Hibernation (safe; 5% risk of failure)
Press: ? - help, Shift-Dir - straight line, f - gnoll
Aim: a gnoll, wielding a +0 flail (chance to affect: 57%)
The gnoll looks drowsy...
The gnoll completely misses you.
The helpless gnoll fails to defend itself.
You stick the gnoll like a pincushion!!!
You kill the gnoll!
Dithmenos accepts your kill.
The gnoll hits you with a +1 heavy halberd!!
Ouch! That really hurt!
You die...

^....................##....###...
(....##....................####..
#.....#.............##......###..
...##...............##......##..#
...###...#.............##..[.....
...##.......#..........##........
#......#.g.##..#..#.)........###.
##.....#..####.#..#....#..)...###
##......#.###))@............## #
##.....###.##.g####.........####
##......# #.....###......#....##.
........###.g............#....#..
......................##.##......
######......####.#....######....#
##.g##.## #.....## #....#
#.####.####.....### #..... ##.#
##.# ##......####.....


You could see a gnoll sergeant and a gnoll.

Vanquished Creatures
  Sigmund (D:5)
  2 black bears
  2 ice beasts (D:5)
  An ogre (D:5)
  2 kobold brigands (D:6)
  A phantom (D:4)
  Blork the orc (D:5)
  A gnoll sergeant (D:6)
  2 scorpions
  4 wights (D:6)
  A howler monkey (D:5)
  A bombardier beetle (D:6)
  A jelly (D:5)
  Crazy Yiuf (D:5)
  Ijyb (D:5)
  A sleepcap (D:5)
  Jessica (D:2)
  Natasha (twice) (D:2)
  Terence (D:2)
  2 iguanas
  An orc wizard (D:5)
  9 gnolls
  8 adders
  2 white imps
  2 ufetubi (D:5)
  2 ribbon worms
  2 dart slugs
  9 orcs
  4 bats
  5 endoplasms
  4 giant cockroaches
  5 goblins
  6 hobgoblins
  16 kobolds
  3 quokkas
  3 ball pythons
  8 frilled lizards
  8 rats
126 creatures vanquished.

Notes
Turn   | Place    | Note
-------+----------+-------------------------------------------
     0 | D:1      | Rassilon the Spriggan Enchanter began the quest for the
                  | Orb.
     0 | D:1      | Reached XP level 1. HP: 9/9 MP: 5/5
   263 | D:1      | Reached XP level 2. HP: 13/13 MP: 6/6
   427 | D:1      | Found a faded altar of an unknown god.
   474 | D:1      | Learned a level 2 spell: Ensorcelled Hibernation
   747 | D:2      | Noticed Terence
  1020 | D:2      | Reached XP level 3. HP: 16/16 MP: 8/8
  1020 | D:2      | Noticed Natasha
  1138 | D:2      | Noticed Jessica
  1147 | D:2      | Killed Jessica
  1425 | D:2      | Killed Natasha
  1426 | D:2      | Reached skill level 5 in Stealth
  1426 | D:2      | Reached XP level 4. HP: 10/21 MP: 7/10
  1503 | D:2      | Noticed Natasha
  1508 | D:2      | Learned a level 3 spell: Confusing Touch
  1991 | D:2      | Killed Terence
  2171 | D:2      | Reached XP level 5. HP: 24/24 MP: 1/11
  2387 | D:2      | Killed Natasha
  3353 | D:4      | Found a shadowy altar of Dithmenos.
  3354 | D:4      | Found a bloodstained altar of Trog.
  3432 | D:4      | Became a worshipper of Dithmenos the Shadowed
  3487 | D:4      | Reached XP level 6. HP: 28/28 MP: 9/13
  3574 | D:4      | Reached skill level 6 in Stealth
  4094 | D:5      | Entered Level 5 of the Dungeon
  4141 | D:5      | Reached skill level 5 in Hexes
  4204 | D:5      | Noticed an ice beast
  4215 | D:5      | Killed an ice beast
  4216 | D:5      | Reached XP level 7. HP: 21/32 MP: 11/14
  4460 | D:5      | Noticed Sigmund
  4577 | D:5      | Killed Sigmund
  4578 | D:5      | Reached skill level 5 in Short Blades
  4578 | D:5      | Reached skill level 5 in Dodging
  4640 | D:5      | Reached skill level 7 in Stealth
  4697 | D:5      | Reached * piety under Dithmenos
  4970 | D:5      | Found a runed translucent door.
  4971 | D:5      | Noticed Crazy Yiuf
  4981 | D:5      | Killed Crazy Yiuf
  4982 | D:5      | Reached skill level 5 in Spellcasting
  5110 | D:5      | Noticed Blork the orc
  5114 | D:5      | Killed Blork the orc
  5189 | D:5      | Reached XP level 8. HP: 36/36 MP: 9/16
  5720 | D:5      | Noticed Ijyb
  5723 | D:5      | Killed Ijyb
  5916 | D:6      | Reached skill level 8 in Stealth
  6321 | D:6      | Found a staircase to the Ecumenical Temple.
  6334 | Temple   | Entered the Ecumenical Temple
  6949 | D:6      | Found a glowing silver altar of Zin.
  7322 | D:6      | Slain by a gnoll

Illustrated notes

Levels and vault maps discovered:
D:1:      scummos_arrival_gate, layout_basic,
          hellmonk_ecumenical_altar_slurped_away
D:2:      layout_basic, minmay_pentomino_w4, uniq_terence, uniq_natasha,
          uniq_jessica
D:3:      layout_loops_ring, minmay_unequal
D:4:      layout_rooms, chequers_temple_overflow_statue_of_worship
D:5:      layout_loops_corners, uniq_crazy_yiuf_cottage, uniq_ijyb,
          uniq_sigmund, uniq_blork_the_orc
D:6:      layout_layer_cave, mainiacjoe_overflow_six_doors_small,
          minmay_temple_entry_trees
Temple:   zaba_magenta_temple

Skill      XL: |  1  2  3  4  5  6  7  8 |
---------------+-------------------------+-----
Dodging        | 3 4 5 6 |  6.8
Spellcasting   | 3 4 5 6 |  6.1
Short Blades   | 2 3 4 6 7 |  7.4
Hexes          | 4 5 6 |  6.6
Stealth        | 5 6 7 8 |  8.6

Action                     |  1- 3 |  4- 6 |  7- 9 || total
---------------------------+-------+-------+-------++-------
  Melee: Dagger            |    95 |   139 |   136 ||   370
         Punch             |     1 |     1 |     3 ||     5
   Cast: Ensorcelled Hiber |    15 |    32 |    47 ||    94
         Confusing Touch   |       |    11 |    20 ||    31
   Stab: Sleeping          |    15 |    30 |    26 ||    71
         Confused          |       |    13 |    13 ||    26
 Armour: Robe              |    18 |    19 |    30 ||    67
  Dodge: Dodged            |    66 |    73 |    89 ||   228
